 Dungeon Sprint DCSS version 0.18-a0-1426-g3b9a63c (webtiles) character file.

44799 chei the Contaminator (level 14, 0/138 HPs)
             Began as a Naga Venom Mage on Feb 27, 2016.
             Was the Champion of Cheibriados.
             Killed from afar by a shadow dragon (52 damage)
             ... with a bolt of negative energy
             ... in the Dungeon (Sprint IX: "|||||||||||||||||||||||||||||").
             The game lasted 00:20:09 (6137 turns).

chei the Contaminator (Naga Venom Mage)             Turns: 6137, Time: 00:20:09

Health: 0/138      AC: 34    Str: 28    XL:     14   Next: 30%
Magic:  16/29      EV: 15    Int: 37    God:    Cheibriados [******]
Gold:   981        SH:  2    Dex: 26    Spells: 4 memorised, 23 levels left

rFire  . . .     SeeInvis +     m - +5 halberd (protect)
rCold  . . .     Gourm    .     K - +1 shadow dragon armour
rNeg   . . .     Faith    .     (shield currently unavailable)
rPois  +         Spirit   .     J - +2 hat of the High Council {Archmagi, Wiz- Stlth-}
rElec  .         Dismiss  .     o - +0 cloak
rCorr  .         Reflect  .     p - +0 pair of gloves {Str+3}
SustAt .         Harm     .     B - +0 naga barding
MR     ++...     NoTele   +     (no amulet)
Stlth  +++.......               H - +2 ring of evasion
                                q - +2 ring of protection

@: heavily drained, very slow, very resistant to hostile enchantments, fairly
stealthy
A: large bone plates 1, see invisible, deformed body, magic resistance 1, poison
resistance, slowness 2, slow metabolism 1, spit poison 2, constrict 1, AC +4
a: Spit Poison, Bend Time, Temporal Distortion, Slouch, Step From Time, Renounce
Religion


You were in the Dungeon.
You worshipped Cheibriados.
Cheibriados was exalted by your worship.
You were not hungry.

You visited 1 branch You collected 1929 gold pieces.
You spent 948 gold pieces at shops.

Inventory:

Hand Weapons
 j - a +2 dagger of venom
 m - a +5 halberd of protection (weapon)
Armour
 o - a +0 cloak (worn)
 p - a +0 pair of gloves of strength (worn)
 r - a +0 large shield
 B - a +0 naga barding (worn)
 J - the +2 hat of the High Council (worn) {Archmagi, Wiz- Stlth-}
   (You found it in the Dungeon)

   It makes you less stealthy.
 K - a +1 shadow dragon armour (worn)
Magical Staves
 s - an uncursed staff of energy
Jewellery
 q - a +2 ring of protection (left hand)
 G - an uncursed ring of ice
 H - a +2 ring of evasion (right hand)
 I - an uncursed ring of fire
Wands
 l - a wand of acid (0/15)
Scrolls
 a - a scroll of recharging
 h - 5 scrolls of remove curse
 i - 3 scrolls of blinking
 k - 2 scrolls of amnesia
 v - 2 scrolls of fear
 x - a scroll of fog
 y - 2 scrolls of summoning
Potions
 e - a potion of heal wounds
 f - 4 potions of curing
 g - 2 potions of magic
 t - 2 potions of resistance
 u - a potion of lignification {unknown}
 D - 2 potions of might {unknown}
 F - a potion of cancellation {unknown}
Books
 b - a Young Poisoner's Handbook

   Spells                             Type                      Level
   a - Sting                          Conjuration/Poison           1
   b - Cure Poison                    Poison                       2
   c - Mephitic Cloud                 Conjuration/Poison/Air       3
   d - Olgreb's Toxic Radiance        Poison                       4
   e - Venom Bolt                     Conjuration/Poison           5
Miscellaneous
 n - a sack of spiders {used: 2}
Comestibles
 c - 12 bread rations
 z - 40 fruits
 A - 11 meat rations


   Skills:
 + Level 12.1(10.0) Fighting
 + Level 14.1(11.9) Polearms
 + Level 11.0(8.9) Armour
 + Level 11.1(9.1) Dodging
 - Level 3.0(1.3) Stealth
 + Level 0.7(0.0) Shields
 + Level 11.9(9.8) Spellcasting
 + Level 11.0(8.9) Conjurations
 * Level 23.0(20.4) Poison Magic
 * Level 15.7(13.4) Invocations
 - Level 2.0(0.3) Evocations


You had 23 spell levels left.
You knew the following spells:

 Your Spells              Type           Power        Failure   Level  Hunger
a - Sting                 Conj/Pois      ####         1%          1    None
b - Olgreb's Toxic Radia  Pois           ########     1%          4    None
c - Mephitic Cloud        Conj/Pois/Air  #######.     3%          3    None
d - Venom Bolt            Conj/Pois      ########..   3%          5    ##.....


Dungeon Overview and Level Annotations

Branches:
Dungeon (1/1)

Altars:
Cheibriados
Dithmenos
Elyvilon
Fedhas
Gozag
Kikubaaqudgha
Makhleb
Nemelex Xobeh
Okawaru
Pakellas
Qazlal
Ru
Sif Muna
Trog
Vehumet
Xom
Yredelemnul
Zin
The Shining One
Beogh
Jiyva
Lugonu

Shops:
D ?%[}


Innate Abilities, Weirdness & Mutations

You cannot wear boots.
Your serpentine skin is tough (AC +4).
You have supernaturally acute eyesight.
Armour fits poorly on your strangely shaped body.
Your system is resistant to poisons.
You cover ground very slowly.
You have a slow metabolism.
You can spit poison.
You can use your snake-like lower body to constrict enemies.
You are partially covered in large bone plates (AC +2, SH +2).
You are resistant to hostile enchantments.


Message History

The shadow dragon claws you but does no damage. x2
You slash the shadow dragon!
The shadow dragon is severely wounded.
Your shadow dragon armour prevents you from hitting the shadow dragon.
The shadow dragon is severely wounded.
The shadow dragon breathes negative energy at you.
The bolt of negative energy hits you!
You feel drained.
You completely miss the shadow dragon.
The shadow dragon is severely wounded.
The shadow dragon bites you but does no damage.
The shadow dragon barely misses you. The shadow dragon misses you.
You hit the shadow dragon.
The shadow dragon is severely wounded.
The shadow dragon bites you but does no damage.
The shadow dragon claws you but does no damage. x2
You slash the shadow dragon!
The shadow dragon is severely wounded.
The shadow dragon breathes negative energy at you.
The bolt of negative energy hits you!
You feel drained.
You die...

▓▓▓▓▓▓▓▓▓▓▓▓▓▓▓▓▓▓▓▓▓▓▓▓▓▓
i...c)†D...D....H..÷÷....▓
▓▓▓▓▓▓▓▓▓▓▓▓▓▓▓▓▓▓▓▓▓▓▓▓▓▓▓†▓
...............D@.†.......§.▓
▓▓▓▓▓▓▓▓▓▓▓▓▓▓▓▓▓▓▓▓▓▓▓▓▓▓▓▓▓
.((..(...††^††..............▓
▓▓▓▓▓▓▓▓▓▓▓▓▓▓▓▓▓▓▓▓▓▓▓▓▓▓▓.▓
............................▓
▓▓▓▓▓▓▓▓▓▓▓▓▓▓▓▓▓▓▓▓▓▓▓▓▓▓▓▓▓
[.[[.))))))))..=..'.........▓
▓▓▓▓▓▓▓▓▓▓▓▓▓▓▓▓▓▓▓▓▓▓▓▓▓▓▓.▓
............................▓


You could see a shadow dragon.

Vanquished Creatures
  Saint Roka (D)
  Gastronok (D)
  A thorn hunter (D)
  A fire giant (D)
  An iron dragon (D)
  Aizul (D)
  2 very ugly things (D)
  A stone giant (D)
  A merfolk impaler (D)
  A merfolk javelineer (D)
  A hydra (D)
  2 naga warriors (D)
  2 ice dragons (D)
  An anaconda (shapeshifter) (D)
  A centaur warrior (D)
  Erica (D)
  A satyr (shapeshifter) (D)
  4 ogre magi (D)
  A tengu warrior (D)
  An alligator (D)
  A spriggan berserker (D)
  2 deep troll earth magi (D)
  Nergalle (D)
  A sea snake (D)
  3 orc knights (D)
  A swamp dragon (D)
  An ugly thing (D)
  A hill giant (D)
  A hornet (D)
  3 mana vipers (D)
  A wolf spider (D)
  A guardian serpent (D)
  3 black mambas (D)
  A torpor snail (D)
  A rime drake (shapeshifter) (D)
  6 spiny frogs (D)
  2 demonic crawlers (D)
  A tengu conjurer (D)
  A slime creature (D)
  A giant leech (D)
  4 merfolk (D)
  2 jumping spiders (D)
  6 two-headed ogres (D)
  A blink frog (D)
  A bog body (D)
  A snapping turtle (D)
  A tarantella (D)
  A spriggan (D)
  A redback (D)
  A shadow (D)
  A yak (D)
  A wraith (D)
  A water elemental (D)
  A basilisk (D)
  A hog (shapeshifter) (D)
  A hippogriff (D)
  A hungry ghost (D)
  An insubstantial wisp (D)
  A warg (D)
  6 vampire mosquitoes (D)
  A mottled dragon (D)
  2 water moccasins (D)
  A porcupine (D)
  12 orc warriors (D)
  A wasp (D)
  4 ogres (D)
  5 crocodiles (D)
  4 giant frogs (D)
  A crimson imp (D)
  2 jellies (D)
  2 orc priests (D)
  4 orc wizards (D)
  3 iguanas (D)
  3 worker ants (D)
  3 river rats (D)
  An adder (D)
  An adder zombie (D)
  A dart slug (D)
  9 orcs (D)
  3 kobolds (D)
  A ball python skeleton (D)
  A bat (D)
  A giant cockroach zombie (D)
  A quokka skeleton (D)
160 creatures vanquished.

Notes
Turn   | Place    | Note
--------------------------------------------------------------
     0 | D        | chei the Naga Venom Mage began the quest for the Orb.
     0 | D        | Reached XP level 1. HP: 15/15 MP: 3/3
     4 | D        | Reached skill level 6 in Poison Magic
   258 | D        | Noticed a worker ant
   258 | D        | Noticed a worker ant
   265 | D        | Reached skill level 7 in Poison Magic
   265 | D        | Reached XP level 2. HP: 22/22 MP: 3/5
   272 | D        | Reached skill level 8 in Poison Magic
   280 | D        | Reached skill level 9 in Poison Magic
   280 | D        | Reached XP level 3. HP: 7/28 MP: 3/6
   286 | D        | Reached skill level 1 in Conjurations
   286 | D        | Reached skill level 10 in Poison Magic
   286 | D        | Reached XP level 4. HP: 11/37 MP: 3/8
   581 | D        | Found a glowing silver altar of Zin.
   581 | D        | Found a glowing golden altar of the Shining One.
   581 | D        | Found an ancient bone altar of Kikubaaqudgha.
   581 | D        | Found a basalt altar of Yredelemnul.
   581 | D        | Found a shimmering altar of Xom.
   581 | D        | Found a radiant altar of Vehumet.
   582 | D        | Found an iron altar of Okawaru.
   583 | D        | Found a burning altar of Makhleb.
   584 | D        | Found a deep blue altar of Sif Muna.
   585 | D        | Found a bloodstained altar of Trog.
   586 | D        | Found a sparkling altar of Nemelex Xobeh.
   587 | D        | Found a white marble altar of Elyvilon.
   588 | D        | Found a roughly hewn altar of Beogh.
   589 | D        | Found a viscous altar of Jiyva.
   590 | D        | Found a corrupted altar of Lugonu.
   591 | D        | Found a blossoming altar of Fedhas.
   592 | D        | Found a snail-covered altar of Cheibriados.
   593 | D        | Found a shadowy altar of Dithmenos.
   594 | D        | Found a stormy altar of Qazlal.
   595 | D        | Found an opulent altar of Gozag.
   596 | D        | Found a sacrificial altar of Ru.
   597 | D        | Found an oddly glowing altar of Pakellas.
   600 | D        | Became a worshipper of Cheibriados the Contemplative
   662 | D        | Learned a level 4 spell: Olgreb's Toxic Radiance
   821 | D        | Noticed a giant frog
   821 | D        | Noticed a giant frog
   821 | D        | Noticed a hippogriff
   828 | D        | Killed a giant frog
   828 | D        | Reached * piety under Cheibriados
   828 | D        | Reached skill level 11 in Poison Magic
   828 | D        | Reached XP level 5. HP: 33/43 MP: 4/10
   828 | D        | Reached ** piety under Cheibriados
   828 | D        | Reached skill level 1 in Fighting
   828 | D        | Reached skill level 12 in Poison Magic
   834 | D        | Killed a hippogriff
   834 | D        | Reached skill level 1 in Polearms
   834 | D        | Reached skill level 14 in Poison Magic
   834 | D        | Reached XP level 6. HP: 16/52 MP: 5/12
  1163 | D        | Learned a level 3 spell: Mephitic Cloud
  1164 | D        | Noticed a hungry ghost
  1164 | D        | Noticed a wraith
  1171 | D        | Killed a wraith
  1171 | D        | Reached *** piety under Cheibriados
  1171 | D        | Reached skill level 1 in Armour
  1171 | D        | Reached skill level 5 in Dodging
  1171 | D        | Reached skill level 15 in Poison Magic
  1171 | D        | Reached skill level 1 in Evocations
  1171 | D        | Reached XP level 7. HP: 51/61 MP: 12/14
  1178 | D        | Killed a hungry ghost
  1178 | D        | Reached **** piety under Cheibriados
  1178 | D        | Reached skill level 5 in Spellcasting
  1182 | D        | Reached skill level 16 in Poison Magic
  1404 | D        | Learned a level 5 spell: Venom Bolt
  1404 | D        | Noticed a spiny frog
  1412 | D        | Reached XP level 8. HP: 70/72 MP: 4/16
  1416 | D        | Killed a spiny frog
  1416 | D        | Reached ***** piety under Cheibriados
  1426 | D        | Reached skill level 1 in Invocations
  1561 | D        | Reached ****** piety under Cheibriados
  1564 | D        | Noticed a yak
  1564 | D        | Noticed a spiny frog
  1564 | D        | Noticed a spiny frog
  1574 | D        | Killed a spiny frog
  1574 | D        | Reached skill level 5 in Fighting
  1574 | D        | Reached XP level 9. HP: 47/81 MP: 7/18
  1578 | D        | Reached skill level 17 in Poison Magic
  1581 | D        | Noticed a spiny frog
  1582 | D        | Killed a spiny frog
  1582 | D        | Reached skill level 5 in Polearms
  1596 | D        | Reached skill level 5 in Invocations
  1609 | D        | Killed a spiny frog
  1970 | D        | Noticed a spiny frog
  1972 | D        | Reached skill level 5 in Armour
  1972 | D        | Reached XP level 10. HP: 86/91 MP: 18/20
  1973 | D        | Killed a spiny frog
  1981 | D        | Reached skill level 18 in Poison Magic
  2061 | D        | Noticed Gastronok
  2072 | D        | Killed Gastronok
  2072 | D        | Reached skill level 5 in Conjurations
  2397 | D        | Noticed an orc knight
  2400 | D        | Noticed an orc knight
  2405 | D        | Killed an orc knight
  2405 | D        | Reached XP level 11. HP: 103/103 MP: 8/22
  2413 | D        | Noticed an orc knight
  2414 | D        | Killed an orc knight
  2432 | D        | Killed an orc knight
  2432 | D        | Reached skill level 19 in Poison Magic
  2659 | D        | Found Suenni's Gadget Boutique.
  2659 | D        | Noticed an ogre mage
  2667 | D        | Killed an ogre mage
  2676 | D        | Reached skill level 10 in Invocations
  2801 | D        | Found Lisa's Armour Shop.
  2805 | D        | Found Xeuxtade's Food Boutique.
  2809 | D        | Found Neunefo's Magic Scroll Shop.
  2814 | D        | Noticed an ogre mage
  2815 | D        | Noticed an ogre mage
  2819 | D        | Killed an ogre mage
  2821 | D        | Killed an ogre mage
  2931 | D        | Bought a scroll of enchant weapon for 90 gold pieces
  2931 | D        | Bought a scroll of enchant armour for 90 gold pieces
  2985 | D        | Noticed Erica
  2989 | D        | Killed Erica
  2989 | D        | Reached skill level 10 in Dodging
  3401 | D        | Bought a scroll of blinking for 90 gold pieces
  3401 | D        | Bought a scroll of recharging for 114 gold pieces
  3407 | D        | Bought a sack of spiders for 240 gold pieces
  3407 | D        | Bought a wand of teleportation (5/9) for 324 gold pieces
  3539 | D        | Noticed a hill giant
  3539 | D        | Noticed an ogre mage
  3539 | D        | Noticed a white ugly thing
  3541 | D        | Killed a white ugly thing
  3545 | D        | Killed an ogre mage
  3545 | D        | Reached skill level 20 in Poison Magic
  3545 | D        | Reached XP level 12. HP: 97/114 MP: 8/25
  3558 | D        | Noticed a deep troll earth mage
  3572 | D        | Killed a deep troll earth mage
  3572 | D        | Reached skill level 10 in Polearms
  3577 | D        | Noticed a stone giant
  3588 | D        | Killed a stone giant
  3591 | D        | Noticed a queen ant
  3591 | D        | a giant leech changed into a queen ant
  3594 | D        | a queen ant changed into a griffon
  3597 | D        | Noticed a satyr
  3597 | D        | a griffon changed into a satyr
  3606 | D        | Killed a satyr
  3606 | D        | Reached skill level 10 in Spellcasting
  3610 | D        | Gained mutation: You are resistant to hostile enchantments. [mutagenic meat]
  3611 | D        | Gained mutation: You are partially covered in large bone plates (AC +2, SH +2). [mutagenic meat]
  3934 | D        | Noticed a deep troll earth mage
  3935 | D        | Noticed a purple very ugly thing
  3937 | D        | Killed a deep troll earth mage
  3943 | D        | Killed a purple very ugly thing
  4036 | D        | Noticed Aizul
  4091 | D        | Killed Aizul
  4486 | D        | Reached skill level 10 in Fighting
  4502 | D        | Reached skill level 21 in Poison Magic
  4630 | D        | Noticed a merfolk javelineer
  4633 | D        | Noticed a merfolk impaler
  4633 | D        | Gained mutation: You can use your snake-like lower body to constrict enemies. [Naga growth]
  4633 | D        | Reached XP level 13. HP: 124/124 MP: 16/27
  4639 | D        | Killed a merfolk javelineer
  4640 | D        | Killed a merfolk impaler
  4874 | D        | Noticed a thorn hunter
  4886 | D        | Killed a thorn hunter
  5174 | D        | Reached skill level 10 in Conjurations
  5188 | D        | Reached skill level 10 in Armour
  5188 | D        | Reached skill level 22 in Poison Magic
  5334 | D        | Noticed Nergalle
  5340 | D        | Noticed Saint Roka
  5340 | D        | Killed Nergalle
  5355 | D        | Killed Saint Roka
  5700 | D        | Noticed an ice dragon
  5700 | D        | Noticed a fire giant
  5701 | D        | Noticed an iron dragon
  5703 | D        | Reached skill level 15 in Invocations
  5704 | D        | Killed a fire giant
  5704 | D        | Reached XP level 14. HP: 85/136 MP: 13/29
  5707 | D        | Noticed a purple very ugly thing
  5711 | D        | Killed a purple very ugly thing
  5736 | D        | Killed an iron dragon
  5886 | D        | Reached skill level 23 in Poison Magic
  6116 | D        | Noticed a shadow dragon
  6137 | D        | Killed from afar by a shadow dragon

Vault maps used:
D:        linesprint

Skill      XL: |  1  2  3  4  5  6  7  8  9 10 11 12 13 14 |
---------------+-------------------------------------------+-----
Poison Magic   | 7 9 10 11 14 15 16 17 18 20 21 22 23 | 23.0
Dodging        | 2 3 4 5 6 7 8 9 10 11 | 11.1
Conjurations   | 1 2 4 5 7 9 10 11 | 11.0
Spellcasting   | 3 4 5 6 7 9 10 11 | 11.9
Fighting       | 1 2 3 5 6 8 9 10 11 12 | 12.1
Polearms       | 1 2 4 6 8 9 11 13 14 | 14.1
Armour         | 1 2 4 5 6 7 8 10 11 | 11.0
Evocations     | 1 2 |  2.0
Invocations    | 3 6 8 11 12 15 | 15.7
Stealth        | |  3.0
Shields        | |  0.7

Action                   |  1- 3 |  4- 6 |  7- 9 | 10-12 | 13-15 || total
-------------------------+-------+-------+-------+-------+-------++-------
Melee: Unarmed           |     8 |       |       |       |       ||     8
       Dagger            |    19 |       |       |       |       ||    19
       Halberd           |       |    16 |    79 |   198 |   102 ||   395
 Cast: Sting             |     5 |       |       |     2 |       ||     7
       Olgreb's Toxic Ra |       |     2 |       |       |       ||     2
       Venom Bolt        |       |       |     6 |    37 |    34 ||    77
Invok: Slouch            |       |       |       |     2 |     4 ||     6
       Temporal Distorti |       |       |       |       |     1 ||     1
 Abil: Spit Poison       |     6 |     1 |       |     2 |       ||     9
Evoke: Wand              |       |     4 |     3 |     1 |     7 ||    15
       Sack of spiders   |       |       |       |       |     3 ||     3
  Use: Potion            |     3 |       |     2 |     3 |     4 ||    12
       Scroll            |       |       |     2 |     3 |     4 ||     9
 Stab: Sleeping          |       |       |     1 |       |       ||     1
       Distracted        |       |       |       |       |     1 ||     1
  Eat: Chunk             |       |     1 |     4 |     6 |     1 ||    12
       Meat ration       |       |       |       |     1 |       ||     1
       Bread ration      |       |       |       |       |     1 ||     1
